 Dungeon Crawl Stone Soup version 0.29.1-1-gd02db6906a (webtiles) character file.

Game seed: 6209524646346959727

777 LabCoat the Chopper (level 7, -5/61 HPs)
             Began as a Hill Orc Fighter on Sept 28, 2022.
             Slain by a gnoll bouda
             ... wielding a +0 whip
              (9 damage)
             ... on level 5 of the Dungeon.
             The game lasted 00:10:26 (3729 turns).

LabCoat the Chopper (Hill Orc Fighter)              Turns: 3729, Time: 00:10:26

Health: -5/61      AC: 12    Str: 21    XL:     7   Next: 84%
Magic:  7/7        EV:  7    Int:  8    God:
Gold:   164        SH:  4    Dex: 10    Spells: 6/6 levels left

rFire   x . .      SeeInvis .   a - +0 war axe
rCold   + . .      Faith    .   c - +0 buckler
rNeg    . . .      Spirit   .   e - +0 chain mail
rPois   .          Reflect  .   (no helmet)
rElec   .          Harm     .   h - +0 cloak
rCorr   .          Rampage  .   l - +0 pair of gloves
Will    .....                   (no boots)
Stlth   ..........              (no amulet)
HPRegen 0.20/turn               j - ring of ice
MPRegen 0.10/turn               (no ring)

@: hasted, very quick
A: no striking features
a: no special abilities


You were on level 5 of the Dungeon.
You visited 1 branch of the dungeon, and saw 5 of its levels.

You collected 164 gold pieces.

Inventory:

Hand Weapons
 a - a +0 war axe (weapon)
 k - a +0 flail
Missiles
 g - 5 boomerangs (quivered)
 o - a silver boomerang
Armour
 c - a +0 buckler (worn)
 e - a +0 chain mail (worn)
 h - a +0 cloak (worn)
 l - a +0 pair of gloves (worn)
Jewellery
 j - a ring of ice (left hand)
Scrolls
 b - a scroll of teleportation
 d - a scroll of butterflies {unknown}
 f - a scroll of silence {unknown}
 p - a scroll of blinking
 q - a scroll of enchant armour {unknown}
Potions
 i - 2 potions of curing
 m - a potion of cancellation
 s - a potion of degeneration {unknown}


   Skills:
 + Level 5.2 Fighting
 * Level 6.5 Axes
 + Level 2.6 Throwing
 + Level 4.7 Armour
 + Level 4.7 Shields
 + Level 2.8 Evocations


You had 6 spell levels left.
You didn't know any spells.
Your spell library contained the following spells:

 Spells                   Type           Power      Damage    Failure   Level
 Blink                    Tloc           0%         N/A       100%        2
 Gell's Gravitas          Tloc           0%         N/A       100%        3
 Lesser Beckoning         Tloc           0%         N/A       100%        3
 Stone Arrow              Conj/Erth      0%         3d7       100%        3
 Teleport Other           Tloc           0%         N/A       100%        3
 Tukima's Dance           Hex            0%         N/A       100%        3
 Animate Armour           Summ/Erth      0%         N/A       100%        4
 Passage of Golubria      Tloc           0%         N/A       100%        4
 Manifold Assault         Tloc           0%         N/A       100%        5
 Yara's Violent Unravell  Hex/Tmut       0%         3d3       100%        5
 Lehudib's Crystal Spear  Conj/Erth      0%         10d2      100%        8


Dungeon Overview and Level Annotations

Branches:
Dungeon (5/15)
 Temple: D:4-7

Altars:
Okawaru
The Shining One


Message History

The gnoll hits you with a +0 spear. The gnoll barely misses you.
The gnoll bouda hits you with a +0 whip.
You closely miss the gnoll. You slash the gnoll bouda!
You barely miss the gnoll. You hit the gnoll. The gnoll closely misses you.
You block the gnoll's attack. The gnoll hits you with a +0 whip.
You block the gnoll bouda's attack.
You closely miss the gnoll. x2; You barely miss the gnoll.
You hit the gnoll bouda. You block the gnoll's attack.
The gnoll completely misses you. x2
The gnoll bouda barks out a call to the hunt!
The gnolls pick up the pace!
The gnoll hits you but does no damage. The gnoll hits you with a +0 spear.
The gnoll bouda hits you with a +0 whip!
The gnoll hits you but does no damage.
It was a potion of magic.
Magic courses through your body. The gnoll hits you with a +0 whip.
You block the gnoll's attack. The gnoll hits you with a +0 whip.
The gnoll bouda closely misses you.
It was a potion of haste.
You feel yourself speed up. The gnoll hits you with a +0 whip.
The gnoll hits you with a +0 spear.
* * * LOW HITPOINT WARNING * * *
You block the gnoll's attack.
The gnoll bouda hits you with a +0 whip!
* * * LOW HITPOINT WARNING * * *
You completely miss the gnoll. You hit the gnoll bouda.
You barely miss the gnoll. You hit the gnoll.
You hit the gnoll but do no damage. You hit the gnoll.
You hit the gnoll bouda but do no damage.
You hit the gnoll. The gnoll hits you but does no damage.
You block the gnoll's attack. The gnoll barely misses you.
The gnoll bouda utters an invocation to its god.
The gnoll bouda is healed somewhat.
You barely miss the gnoll. x2; You hit the gnoll bouda.
You completely miss the gnoll. The gnoll hits you with a +0 whip!
* * * LOW HITPOINT WARNING * * *
The gnoll hits you but does no damage. The gnoll barely misses you.
The gnoll bouda completely misses you.
You hit the gnoll but do no damage. x3; You barely miss the gnoll bouda.
The gnoll hits you but does no damage. You block the gnoll's attack. x2
The gnoll bouda hits you with a +0 whip!
You die...

.. ### ######## ## #..
....#......##.##.#
#....#.......#....
###................#
..................#
.......##.....>.g.####..
.....#.###..#..g@g.....#
.#####.##.....##.g.##..#
### #.#...#####.#....
..# ##.#...# #.#.....#
#.# #|...### #.. .#..#
#.###...## #.# .. ..
........# #.# .) .
....?..## #.# ...
..###..)#


You could see a gnoll bouda and 3 gnolls.

Vanquished Creatures
  Sigmund (D:4)
  An ice beast (D:5)
  A black bear (D:4)
  A centaur (D:5)
  Blork the orc (D:4)
  A scorpion (D:5)
  A hound (D:4)
  An iguana (D:5)
  3 gnolls (D:4)
  4 adders
  A white imp (D:4)
  An ufetubus (D:4)
  A worm (D:2)
  2 dart slugs
  11 orcs
  10 endoplasms
  5 giant cockroaches
  8 goblins
  4 hobgoblins
  4 jackals (D:2)
  3 quokkas
  4 ball pythons
  2 frilled lizards (D:1)
  7 kobolds
  7 rats
85 creatures vanquished.

Vanquished Creatures (others)
  22 plants (D:4)
22 creatures vanquished.

Grand Total: 107 creatures vanquished

Notes
Turn   | Place    | Note
-------+----------+-------------------------------------------
     0 | D:1      | LabCoat the Hill Orc Fighter began the quest for the Orb.
     0 | D:1      | Reached XP level 1. HP: 19/19 MP: 1/1
   303 | D:1      | Reached skill level 3 in Axes
   303 | D:1      | Reached XP level 2. HP: 27/27 MP: 2/2
  1009 | D:2      | Reached XP level 3. HP: 33/33 MP: 3/3
  1115 | D:2      | Reached skill level 1 in Throwing
  1150 | D:2      | Reached skill level 1 in Evocations
  1735 | D:3      | Reached XP level 4. HP: 40/40 MP: 4/4
  2064 | D:4      | Reached skill level 4 in Axes
  2076 | D:4      | Found a glowing golden altar of the Shining One.
  2250 | D:4      | Reached XP level 5. HP: 24/46 MP: 5/5
  2552 | D:4      | Noticed a black bear
  2562 | D:4      | Killed a black bear
  2563 | D:4      | Reached skill level 5 in Axes
  2563 | D:4      | Reached XP level 6. HP: 47/53 MP: 6/6
  2606 | D:4      | Found an iron altar of Okawaru.
  2673 | D:4      | Noticed Blork the orc
  2690 | D:4      | Killed Blork the orc
  2891 | D:4      | Noticed Sigmund
  3116 | D:4      | Killed Sigmund
  3117 | D:4      | Reached XP level 7. HP: 46/60 MP: 7/7
  3414 | D:5      | Entered Level 5 of the Dungeon
  3483 | D:5      | Reached skill level 5 in Fighting
  3483 | D:5      | Reached skill level 6 in Axes
  3729 | D:5      | Slain by a gnoll bouda

Illustrated notes

Levels and vault maps discovered:
D:1:      nzn_arrival_water_spiral, layout_basic
D:2:      layout_basic
D:3:      layout_basic
D:4:      layout_loops_ring, nicolae_tso_carved_into_rock,
          mainiacjoe_overflow_catwalk, st_stairs_6, serial_bayou_lagoon_b,
          uniq_blork_the_orc, uniq_sigmund
D:5:      layout_rooms, gammafunk_temple_overflow_pools,
          minmay_temple_entry_fiery

Skill      XL: |  1  2  3  4  5  6  7 |
---------------+----------------------+-----
Axes           | 3 4 5 6 |  6.5
Throwing       | 1 2 |  2.6
Evocations     | 1 2 |  2.8
Fighting       | 4 5 |  5.2
Armour         | 4 |  4.7
Shields        | 4 |  4.7

Action                   |  1- 3 |  4- 6 |  7- 9 || total
-------------------------+-------+-------+-------++-------
Melee: War axe           |    78 |   124 |    22 ||   224
Throw: Boomerang         |    32 |    46 |    19 ||    97
  Use: Scroll            |     4 |     3 |     1 ||     8
       Potion            |       |     2 |     2 ||     4
Armor: Chain mail        |    47 |    79 |    12 ||   138
       Scale mail        |     1 |       |       ||     1
Dodge: Dodged            |    18 |    51 |    11 ||    80
Block: Buckler           |    18 |    20 |    12 ||    50
